 Dungeon Crawl Stone Soup version 0.28.0-47-ge53b351184 (webtiles) character file.

Game seed: 14041206202315601420

842 Icepheonix32 the Chiller (level 7, 0/49 HPs)
             Began as a Demonspawn Ice Elementalist on May 3, 2022.
             Slain by an ogre
             ... wielding a +0 giant club
              (16 damage)
             ... on level 5 of the Dungeon.
             The game lasted 00:10:24 (5709 turns).

Icepheonix32 the Chiller (DsIE)                     Turns: 5709, Time: 00:10:25

Health: 0/49       AC: 10    Str: 11    XL:     7   Next: 67%
Magic:  0/12       EV: 12    Int: 16    God:
Gold:   214        SH:  0    Dex: 13    Spells: 5/12 levels left

rFire   . . .      SeeInvis .   h - +4 falchion
rCold   . . .      Faith    .   (no shield)
rNeg    . . .      Spirit   +   a - +1 robe
rPois   .          Reflect  .   (no helmet)
rElec   .          Harm     .   (no cloak)
rCorr   .          Rampage  .   (no gloves)
Will    .....                   (no boots)
Stlth   ++........              (no amulet)
HPRegen 2.16/turn               (no ring)
MPRegen 0.26/turn               (no ring)

@: ice-armoured, very slightly contaminated
A: powered by death 3, magic shield, magic regeneration
a: no special abilities


You were on level 5 of the Dungeon.
You visited 1 branch of the dungeon, and saw 5 of its levels.
You also visited: Ossuary.

You collected 214 gold pieces.

Inventory:

Hand Weapons
 b - a +1 spear
 h - a +4 falchion (weapon)
 p - a +2 dagger of draining
 r - the +0 hand axe of Equivalence {vorpal, rPois rC- Will+ SInv}
   (You found it on level 4 of the Dungeon)

   It inflicts extra damage upon your enemies.
   rC:        It makes you vulnerable to cold.
   rPois:     It protects you from poison.
   SInv:      It lets you see invisible.
   Will:      It increases your willpower.
Missiles
 e - 17 poisoned darts
Armour
 a - a +1 robe (worn)
 f - a +0 ring mail
 j - a +0 scale mail of poison resistance
Jewellery
 l - a ring of fire
Wands
 c - a wand of acid (1)
 k - a wand of flame (24)
Scrolls
 d - a scroll of enchant armour
 v - a scroll of summoning {unknown}
Potions
 g - 3 potions of invisibility {unknown}
 i - 4 potions of curing {unknown}
 m - 2 potions of ambrosia {unknown}
 n - a potion of brilliance
 o - 3 potions of might {unknown}
 s - a potion of mutation {unknown}
 t - 2 potions of heal wounds


   Skills:
 + Level 1.9 Fighting
 + Level 2.3 Long Blades
 + Level 2.6 Dodging
 - Level 1.7 Stealth
 + Level 3.3 Spellcasting
 * Level 7.3 Ice Magic


You had 5 spell levels left.
You knew the following spells:

 Your Spells              Type           Power      Damage    Failure   Level
a - Freeze                Ice            100%       1d11      1%          1
b - Ozocubu's Armour      Ice            26%        N/A       2%          3
c - Frozen Ramparts       Ice            52%        1d7       2%          3

Your spell library contained the following spells:

 Spells                   Type           Power      Damage    Failure   Level
 Foxfire                  Conj/Fire      8%         2x1d4     19%         1
 Scorch                   Fire           4%         2d5       26%         2
 Hailstorm                Conj/Ice       14%        3d5       36%         4
 Conjure Flame            Conj/Fire      2%         6-21      47%         3
 Inner Flame              Hex/Fire       2%         N/A       47%         3
 Flame Wave               Conj/Fire      2%         2d4       87%         4
 Summon Cactus Giant      Summ           1%         N/A       100%        6


Dungeon Overview and Level Annotations

Branches:
Dungeon (5/15)            Ossuary (visited)
 Temple: D:4-7

Altars:
Elyvilon
Qazlal
Sif Muna
Uskayaw
Vehumet
Yredelemnul
The Shining One


Innate Abilities, Weirdness & Mutations

You regenerate a lot of health from kills.
When hurt, damage is shared between your health and your magic reserves.
You regenerate magic rapidly.


Message History

The water moccasin skeleton completely resists.
The wall freezes the water moccasin skeleton but does no damage.
The water moccasin skeleton closely misses you.
You slash the water moccasin skeleton!
The water moccasin skeleton is heavily damaged.
The water moccasin skeleton resists.
The wall freezes the water moccasin skeleton.
The water moccasin skeleton bites you.
The water moccasin skeleton resists.
The wall freezes the water moccasin skeleton.
The water moccasin skeleton bites you but does no damage.
You hit the water moccasin skeleton.
The water moccasin skeleton is severely damaged.
The water moccasin skeleton completely resists.
The wall freezes the water moccasin skeleton but does no damage.
The water moccasin skeleton bites you but does no damage.
The wall freezes the ogre.
Unknown command.
You slash the water moccasin skeleton!
The water moccasin skeleton is almost destroyed.
The water moccasin skeleton completely resists.
The wall freezes the water moccasin skeleton but does no damage.
The water moccasin skeleton bites you but does no damage.
The wall freezes the ogre.
The ogre hits you with a +0 giant club!
The water moccasin skeleton resists.
The wall freezes the water moccasin skeleton.
The water moccasin skeleton bites you.
You slash the water moccasin skeleton!
You destroy the water moccasin skeleton!
The frozen ramparts melt away.
The ogre hits you with a +0 giant club!!
* * * LOW HITPOINT WARNING * * *
Unknown command.
Casting: Ozocubu's Armour (dangerous; 2% risk of failure)
Confirm with . or Enter, or press ? or * to list all spells.
Casting: Frozen Ramparts (dangerous; 2% risk of failure)
Press: ? - help, Dir - look around, f - activate You miscast Frozen Ramparts.
You are very lightly contaminated with residual magic.
Nothing appears to happen.
The ogre hits you with a +0 giant club!
You die...

# # #. #.# #.
#########.### #. .
.)....#≈≈≈≈≈# #.
...###....≈###≈## ##
#.........'_'..#
###....≈###≈.#######
#.#.#≈≈≈≈≈.......#
#@#.##########....
.......O#.# #...#
##.....##.# ##.##
....... ..# #.#
##..... ### ### #.#
##...# #...# #.#
##.# #.#.# #.# #.
#.#.# #.## #.#.#
#..#


You could see an ogre.

Vanquished Creatures
  A necrophage (D:4)
  A phantom (D:3)
  3 water moccasin zombies (Ossuary)
  A water moccasin skeleton (D:5)
  A jelly (D:4)
  A hound (D:5)
  A centaur skeleton (D:5)
  Jessica (D:3)
  Terence (D:3)
  Ijyb (D:3)
  3 hound skeletons (D:4)
  2 mummies (Ossuary)
  4 gnolls (D:2)
  2 howler monkey skeletons
  3 adders
  An ufetubus (D:5)
  5 adder zombies (Ossuary)
  5 worms
  5 dart slugs
  An orc (D:3)
  5 ball pythons
  4 endoplasms
  2 giant cockroaches
  3 gnoll zombies (Ossuary)
  10 goblins
  7 hobgoblins
  7 jackals
  2 quokkas
  10 bats
  2 frilled lizards (D:1)
  A goblin zombie (D:5)
  7 hobgoblin zombies (Ossuary)
  10 kobolds
  5 kobold zombies (Ossuary)
  3 orc zombies (Ossuary)
  6 rats
  A rat zombie (D:5)
128 creatures vanquished.

Notes
Turn   | Place    | Note
-------+----------+-------------------------------------------
     0 | D:1      | Icepheonix32 the Demonspawn Ice Elementalist began the
                  | quest for the Orb.
     0 | D:1      | Reached XP level 1. HP: 13/13 MP: 3/3
   160 | D:1      | Reached skill level 4 in Ice Magic
   325 | D:1      | Found a faded altar of an unknown god.
   341 | D:1      | Gained mutation: You regenerate a little health from kills.
                  | [demonic ancestry]
   341 | D:1      | Reached XP level 2. HP: 11/19 MP: 0/5
  1188 | D:2      | Gained mutation: You regenerate health from kills. [demonic
                  | ancestry]
  1188 | D:2      | Reached XP level 3. HP: 6/24 MP: 1/6
  1360 | D:2      | Learned a level 3 spell: Ozocubu's Armour
  1621 | D:2      | Reached skill level 5 in Ice Magic
  2037 | D:2      | Reached XP level 4. HP: 30/30 MP: 2/7
  2777 | D:3      | Noticed Ijyb
  2822 | D:3      | Killed Ijyb
  2823 | D:3      | Gained mutation: You regenerate a lot of health from kills.
                  | [demonic ancestry]
  2823 | D:3      | Reached XP level 5. HP: 35/35 MP: 4/8
  3042 | D:3      | Noticed Terence
  3060 | D:3      | Killed Terence
  3061 | D:3      | Reached skill level 6 in Ice Magic
  3157 | D:3      | Noticed Jessica
  3165 | D:3      | Killed Jessica
  3442 | D:3      | Learned a level 3 spell: Frozen Ramparts
  3447 | D:3      | Noticed a phantom
  3473 | D:3      | Killed a phantom
  3474 | D:3      | Gained mutation: You regenerate magic rapidly. [demonic
                  | ancestry]
  3474 | D:3      | Reached XP level 6. HP: 13/42 MP: 1/9
  3479 | D:3      | Reached skill level 1 in Fighting
  3968 | D:4      | Found a shimmering blue altar of Sif Muna.
  4171 | D:4      | Found a basalt altar of Yredelemnul.
  4172 | D:4      | Found a radiant altar of Vehumet.
  4173 | D:4      | Found a stormy altar of Qazlal.
  4588 | D:4      | Identified the +0 hand axe of Equivalence {vorpal, rPois
                  | rC- Will+ SInv}
  4931 | D:4      | Reached skill level 1 in Long Blades
  5152 | D:5      | Entered Level 5 of the Dungeon
  5221 | D:5      | Gained mutation: When hurt, damage is shared between your
                  | health and your magic reserves. [demonic ancestry]
  5221 | D:5      | Reached XP level 7. HP: 40/48 MP: 8/11
  5236 | D:5      | Found a sand-covered staircase.
  5259 | Ossuary  | Entered an ossuary
  5356 | Ossuary  | Reached skill level 7 in Ice Magic
  5686 | D:5      | Found a hide-covered altar of Uskayaw.
  5709 | D:5      | Slain by an ogre

Illustrated notes

Levels and vault maps discovered:
D:1:      wander_arrival_desolate, layout_basic, ebering_ecumenical_altar_webs
D:2:      layout_loops_cross, chequers_serial_rivers_small_a,
          kennysheep_generic_room_7
D:3:      layout_basic, minmay_randomly_rotated_circles, uniq_jessica,
          uniq_terence, uniq_ijyb
D:4:      layout_basic, minitemple, lemuel_crystal_altar,
          nicolae_overflow_hidden_temple, kennysheep_generic_room_8
D:5:      layout_loops_ring, kennysheep_mini_moat, enter_ossuary_4

Skill      XL: |  1  2  3  4  5  6  7 |
---------------+----------------------+-----
Ice Magic      | 4 5 6 7 |  7.3
Fighting       | 1 |  1.9
Dodging        | 2 |  2.6
Long Blades    | 1 2 |  2.3
Spellcasting   | 3 |  3.3
Stealth        | |  1.7

Action                   |  1- 3 |  4- 6 |  7- 9 || total
-------------------------+-------+-------+-------++-------
Melee: Spear             |    89 |    30 |       ||   119
       Unarmed           |     2 |       |       ||     2
       Punch             |     1 |       |     1 ||     2
       Falchion          |       |   102 |   127 ||   229
Throw: Dart              |       |       |     1 ||     1
 Cast: Freeze            |    48 |    40 |     1 ||    89
       Ozocubu's Armour  |     1 |    10 |     8 ||    19
       Frozen Ramparts   |       |     4 |    11 ||    15
Evoke: Wand              |       |       |     2 ||     2
  Use: Scroll            |       |     7 |     2 ||     9
       Potion            |       |     5 |       ||     5
 Stab: Sleeping          |     4 |     3 |     2 ||     9
Armor: Robe              |    22 |    45 |    54 ||   121
       Skin              |       |     5 |       ||     5
Dodge: Dodged            |    71 |   115 |    99 ||   285
